 Dungeon Crawl Stone Soup version 0.30-a0-134-gb40fab5c76 (webtiles) character file.

Game seed: 2240658005954749436

65 MisterAzrael the Magician (level 3, -1/19 HPs)
             Began as a Deep Elf Earth Elementalist on Sept 20, 2022.
             Slain by Terence
             ... wielding a +0 flail
              (10 damage)
             ... on level 2 of the Dungeon.
             The game lasted 00:03:09 (1299 turns).

MisterAzrael the Magician (DEEE)                    Turns: 1299, Time: 00:03:09

Health: -1/19      AC:  2    Str:  5    XL:     3   Next: 92%
Magic:  1/10       EV: 12    Int: 21    God:
Gold:   50         SH:  0    Dex: 15    Spells: 5/10 levels left

rFire   . . .      SeeInvis .    (no weapon)
rCold   . . .      Faith    .    (no shield)
rNeg    . . .      Spirit   .    a - +0 robe
rPois   .          Reflect  .    (no helmet)
rElec   .          Harm     .    (no cloak)
rCorr   .          Rampage  .    (no gloves)
Will    .....                    (no boots)
Stlth   ++........               (no amulet)
HPRegen 0.06/turn                (no ring)
MPRegen 0.12/turn                (no ring)

@: no status effects
A: no striking features
a: no special abilities


You were on level 2 of the Dungeon.
You visited 1 branch of the dungeon, and saw 2 of its levels.

You collected 50 gold pieces.

Inventory:

Armour
 a - a +0 robe (worn)
 d - a scarf of shadows
Jewellery
 f - an amulet of faith
Scrolls
 b - a scroll of blinking {unknown}
 c - a scroll of poison {unknown}
 g - a scroll of teleportation {unknown}
Potions
 e - a potion of degeneration {unknown}


   Skills:
 - Level 2.4 Dodging
 - Level 2.4 Stealth
 + Level 4.0 Spellcasting
 * Level 1.5 Conjurations
 - Level 1.5 Summonings
 - Level 1.1 Transmutations
 + Level 4.0 Earth Magic


You had 5 spell levels left.
You knew the following spells:

 Your Spells              Type           Power      Damage    Failure   Level
a - Sandblast             Erth           42%        2d11      2%          1
b - Summon Small Mammal   Summ           40%        N/A       6%          1
c - Stone Arrow           Conj/Erth      30%        3d8       12%         3

Your spell library contained the following spells:

 Spells                   Type           Power      Damage    Failure   Level
 Passwall                 Tmut/Erth      12%        N/A       6%          2
 Call Canine Familiar     Summ           10%        N/A       19%         3
 Summon Guardian Golem    Hex/Summ       7%         N/A       26%         3
 Petrify                  Tmut/Erth      15%        N/A       38%         4


Dungeon Overview and Level Annotations

Branches:
Dungeon (2/15)

Altars:

Annotations:
D:2 Terence


Message History

Terence is lightly wounded.
The blast of sand hits Terence but does no damage.
Terence is lightly wounded.
The hobgoblin shouts!
You hear an angry hiss.
A frilled lizard comes into view.
Terence barely misses you.
The blast of sand hits Terence.
Terence is moderately wounded.
The hobgoblin closely misses you. Terence barely misses you.
Terence attacks as you move away! Terence closely misses you.
The hobgoblin attacks as you move away! The hobgoblin closely misses you.
Terence says, "How do you enjoy it?" Terence attacks as you move away!
Terence hits you with a +0 flail.
Casting: Sandblast (safe; 2% risk of failure)
Confirm with . or Enter, or press ? or * to list all spells.
The spell is extremely dangerous to miscast (12% risk of failure)!
Continue anyway?
Aiming: Stone Arrow (extremely dangerous; 12% risk of failure)
Press: ? - help, Shift-Dir - straight line, f/p - Terence
Aim: Terence, wielding a +0 flail and wearing a +0 scale mail (moderately wounded, 72% to hit)
The stone arrow hits Terence.
Terence is heavily wounded.
Terence barely misses you.
Casting: Stone Arrow (extremely dangerous; 12% risk of failure)
Confirm with . or Enter, or press ? or * to list all spells.
The spell is extremely dangerous to miscast (12% risk of failure)!
Continue anyway?
Aiming: Stone Arrow (extremely dangerous; 12% risk of failure)
Press: ? - help, Shift-Dir - straight line, f/p - Terence
Aim: Terence, wielding a +0 flail and wearing a +0 scale mail (moderately wounded, 72% to hit)
The stone arrow hits Terence.
Terence is heavily wounded.
Terence hits you with a +0 flail.
Casting: Stone Arrow (extremely dangerous; 12% risk of failure)
Confirm with . or Enter, or press ? or * to list all spells.
You don't have enough magic to cast this spell.
There are monsters nearby!
Casting: Stone Arrow (extremely dangerous; 12% risk of failure)
Confirm with . or Enter, or press ? or * to list all spells.
Terence hits you with a +0 flail!
Ouch! That really hurt!
You die...

.. #..# # #..# #
#. ##..### #.#.#
####..... #...l.
......# #..# #
##...# #..##
#...#.
##.....###r..###
#..#.#
#.....lg@@.....#
#..#.#
##...$.###...#.#
#..#.## ##.$.#
#####.## #...<..
#..(
#####...####.##.##
#..
...........<)....#
#..
.....#........##.#
#.
.................#
##
.....##.##########
........#


You could see Terence (ally target), a hobgoblin, a frilled lizard and a
friendly rat (summoned).

Vanquished Creatures
  Jessica (D:2)
  An endoplasm (D:1)
  2 giant cockroaches (D:1)
  2 goblins (D:1)
  3 hobgoblins (D:1)
  7 jackals (D:1)
  3 kobolds
  A quokka (D:1)
  4 ball pythons (D:1)
  5 bats (D:1)
  A frilled lizard (D:1)
  3 rats (D:1)
33 creatures vanquished.

Vanquished Creatures (others)
  2 withered plants (D:1)
2 creatures vanquished.

Grand Total: 35 creatures vanquished

Notes
Turn   | Place    | Note
-------+----------+-------------------------------------------
     0 | D:1      | MisterAzrael the Deep Elf Earth Elementalist began the
                  | quest for the Orb.
     0 | D:1      | Reached XP level 1. HP: 10/10 MP: 6/6
    48 | D:1      | Learned a level 1 spell: Summon Small Mammal
   130 | D:1      | Reached XP level 2. HP: 1/15 MP: 5/8
   317 | D:1      | Reached skill level 1 in Summonings
   522 | D:1      | Found a faded altar of an unknown god.
   722 | D:1      | Reached XP level 3. HP: 19/19 MP: 5/10
   884 | D:1      | Learned a level 3 spell: Stone Arrow
  1259 | D:2      | Noticed Jessica
  1262 | D:2      | Killed Jessica
  1263 | D:2      | Reached skill level 1 in Conjurations
  1290 | D:2      | Noticed Terence
  1299 | D:2      | Slain by Terence

Illustrated notes

Levels and vault maps discovered:
D:1:      dpeg_arrival_connections, layout_basic, serial_aquarium,
          aquarium_bridge_straight [aquarium_subvault_bridge,
          aquarium_subvault_balcony, aquarium_subvault_bridge,
          aquarium_subvault_balcony], aquarium_bridge_square
          [aquarium_subvault_bridge, aquarium_subvault_bridge,
          aquarium_subvault_bridge, aquarium_subvault_bridge],
          aquarium_window_corridor_3, aquarium_window_corner, aquarium_view_2d,
          ebering_ecumenical_altar_petrified
D:2:      layout_loops_ring, basic_altar, minmay_hedge_maze,
          minmay_indecisive_spiral, uniq_terence, uniq_jessica

Skill      XL: |  1  2  3 |
---------------+----------+-----
Summonings     | 1 |  1.5
Spellcasting   | 4 |  4.0
Conjurations   | 1 |  1.5
Earth Magic    | 4 |  4.0
Dodging        | |  2.4
Stealth        | |  2.4
Transmutations | |  1.1

Action                   || total
-------------------------++-------
Melee: Unarmed           ||     1
 Cast: Sandblast         ||    43
       Summon Small Mamm ||     5
       Stone Arrow       ||     2
  Use: Potion            ||     1
Armor: Robe              ||     2
Dodge: Dodged            ||    20

Table legend: (Time is in decaauts)
 A = Elapsed time spent in this place.
 B = Non-inter-level travel time spent in this place.
 C = Inter-level travel time spent in this place.
 D = Time resting spent in this place.
 E = Time spent auto-exploring this place.
 F = Levels seen in this place.
 G = Mean time per level.
                   A        B        C        D        E       F      G
               +--------+--------+--------+--------+--------+-----+--------+
         Total |   1320 |   1308 |     12 |    341 |    765 |   2 |  660.0 |
       Dungeon |   1320 |   1308 |     12 |    341 |    765 |   2 |  660.0 |
               +--------+--------+--------+--------+--------+-----+--------+

Top non-repeatable levels by time:
     D:1: 1274 daAuts
     D:2: 46 daAuts
